 Dungeon Crawl Stone Soup version 0.31-a0-810-ga77100ea1a (webtiles) character file.

Game seed: 10349034100107364805

0 Persimmons the Changeling (level 1, 0/10 HPs)
             Began as a Merfolk Shapeshifter on Sept 21, 2023.
             Slain by a quokka (2 damage)
             ... on level 1 of the Dungeon.
             The game lasted 00:01:04 (96 turns).

Persimmons the Changeling (Merfolk Shapeshifter)      Turns: 96, Time: 00:01:05

Health: 0/10       AC:  2    Str: 14    XL:     1   Next: 10%
Magic:  1/1        EV: 12    Int:  9    God:
Gold:   9          SH:  0    Dex: 13    Spells: 0/0 levels left

rFire   . .          .
                       - Unarmed
rCold   . . .        (shield currently unavailable)
rNeg    . . .        a - +0 animal skin
rPois   .            (no helmet)
rElec   .            (no cloak)
rCorr   .            (no gloves)
SInv    .            (no boots)
Will    .....        (no amulet)
Stlth   +            (no ring)
HPRegen 0.21/turn    (no ring)
MPRegen 0.07/turn

%: no passive effects
@: flux-form, glowing
A: glow, contaminating, reduced hp, (nimble swimmer 2), mertail
a: Begin Untransformation


You were on level 1 of the Dungeon.
You were something dangerously unstable.
You visited 1 branch of the dungeon, and saw 1 of its levels.

You collected 9 gold pieces.

Inventory:

Armour
 a - a +0 animal skin (worn)
Talismans
 c - a beast talisman
 d - a flux talisman (active)
Potions
 b - a potion of lignification


   Skills:
 - Level 1.1 Fighting
 - Level 2.6 Dodging
 * Level 3.3 Unarmed Combat
 + Level 4.0 Shapeshifting


You couldn't memorise any spells.
You didn't know any spells.
Your spell library was empty.

Dungeon Overview and Level Annotations

Branches:
Dungeon (1/15)

Altars:


Innate Abilities, Weirdness & Mutations

You are something dangerously unstable.
You glow with magical radiation, making you easy to see and hit.
Foes you strike become dangerously contaminated with magical radiation.
Your maximum health is decreased, since you lack skill for your form.
You are incapable of wielding weapons or throwing items.
((You are very nimble when in or above water. (Stealth+, EV+, Speed+++)))
Your lower body shifts to a powerful aquatic tail in water.


Message History

Your transformation has ended.
Unknown command.
Sorry, you're not good enough to have a special ability.
You begin transforming.
You continue transforming. x3
You turn into something dangerously unstable.
HP restored.
Unknown command.
There is an open door here.
A rat comes into view.
You don't know any spells.
Found 8 gold pieces.
You hit the rat.
You kill the rat!
You see here a rat corpse.
You begin untransforming.
You continue untransforming. x3
Your transformation has ended.
You start resting.
HP restored.
Sorry, you're not good enough to have a special ability.
You begin transforming.
You continue transforming. x3
You turn into a hulking beast.
You begin transforming.
You continue transforming. x3
Your transformation has ended.
You turn into something dangerously unstable.
Unknown command.
Found a long sword.
Found a stone staircase leading down.
A quokka comes into view.
Found an escape hatch in the floor.
A quokka is nearby!
The quokka bites you.
You hit the quokka.
The quokka begins to glow.
The quokka is lightly wounded.
The quokka bites you.
You are too injured to fight recklessly!
You barely miss the quokka.
The quokka is lightly wounded.
The quokka bites you.
* * * LOW HITPOINT WARNING * * *
The quokka bites you.
You die...

########### #.....>...#
+.....>.).# # #.........#
+.#.##.........#
#...##.........#
#..##.........#
#.....pr.....#
#.#$..###+######
#.###.#......... #.#
#...........
###########.####..†.......
....##...........##+######
....##.#####.....#
....##.# #..≈...# ....##.#
##.≈.≈.....


You could see a quokka (contam).

Vanquished Creatures
  A rat (D:1)
1 creature vanquished.

Notes
Turn   | Place    | Note
-------+----------+-------------------------------------------
     0 | D:1      | Persimmons the Merfolk Shapeshifter began the quest for the
                  | Orb.
     0 | D:1      | Reached XP level 1. HP: 15/15 MP: 1/1
    96 | D:1      | Slain by a quokka

Illustrated notes

Levels and vault maps discovered:
D:1:      ebering_trefoil_3fold, layout_basic, st_stairs_2, skrybe_limestone_x,
          supply_closet_lemuel, minmay_hexomino_u4

Action                     || total
---------------------------++-------
  Melee: Unarmed           ||     3
Ability: Begin Untransform ||     2
 Armour: Animal skin       ||     4
   Form: Flux              ||     2
         Beast             ||     1

Table legend: (Time is in decaauts)
 A = Elapsed time spent in this place.
 B = Non-inter-level travel time spent in this place.
 C = Inter-level travel time spent in this place.
 D = Time resting spent in this place.
 E = Time spent auto-exploring this place.
 F = Levels seen in this place.
 G = Mean time per level.
                   A        B        C        D        E       F      G
               +--------+--------+--------+--------+--------+-----+--------+
         Total |     95 |     95 |      0 |     21 |     36 |   1 |   95.0 |
       Dungeon |     95 |     95 |      0 |     21 |     36 |   1 |   95.0 |
               +--------+--------+--------+--------+--------+-----+--------+

Top non-repeatable levels by time:
     D:1: 95 daAuts
